AoeStats
← 文風

African Clearing

506426323Analyzed
3v3 RM · 20d ago on Sep 13, 2026· 23m 21s· 6 players
Game mode
Random Map
Map size
Normal (6 player)
Population
200
Speed
Normal
Resources
Standard
Victory
Conquest
Starting age
Dark Age
Ending age
Imperial Age
RankedLock teamsTeams togetherTeam positionsShared explorationLock speedFull tech treeHidden civsTurbo modeCheats
Victory
Defeat
🇩🇪 Bohemians · Germany
1726
+4
🇩🇪 Hindustanis · Germany
1674
+4
🇩🇪 Mongols · Germany
1652
+5
🇭🇰 Spanish · Hong Kong SAR China
1388
-5
🇭🇰 Khmer · Hong Kong SAR China
1365
-4
🇭🇰 Vietnamese · Hong Kong SAR China
1332
-4
sHeoG0ratH
12:13 Feudal Age
12:48 Double-Bit Axe
13:18 Loom
15:21 Fletching
21:40 Castle Age
22:11 Crossbowman
22:46 Bodkin Arrow
Saint Martinique
9:47 Loom
11:40 Feudal Age
12:28 Double-Bit Axe
17:48 Scale Barding Armor
18:47 Bloodlines
19:15 Forging
20:20 Horse Collar
24:35 Castle Age
Ritter der Kokosnuss
10:47 Loom
14:23 Feudal Age
18:42 Castle Age
18:36 Fletching
19:58 Bodkin Arrow
23:19 Ballistics
專業送分員
12:22 Feudal Age
13:03 Double-Bit Axe
19:43 Castle Age
19:15 Loom
21:29 Wheelbarrow
21:29 Bow Saw
23:01 Hand Cart
文風
12:53 Feudal Age
13:44 Double-Bit Axe
17:24 Bloodlines
18:32 Scale Barding Armor
18:39 Loom
屌炸天
6:48 Loom
14:49 Feudal Age
21:09 Castle Age
Connection lost

Rejoining the realm…

Still unreachable

The connection could not be restored.

Session expired

The server has moved on; the page needs a fresh start.